woodfighter, neutral female human Wizard -------------------------------------------------------------------------- |........|.........%.....................................................| |........|....%.....%.%).).[...............................------------..| -------|--....).......%.)%[................................|..........|..| |......).}}}}}}}..%.).%.............}}}}}}}....).....|..........|..| |........}-----}...%).......).......}-----}.*).......--|--|--...|..| ---........}| |}}}}}}}}}}}}}}}}}}}}}}| |}..)..............|...|..| |......%%..}--- ------------------------ ---}.................|...|..| |......%%%.}}}| |..o.... |}}}.................-...|..| -------......[...}| .....Do..C|}........%..........|...|..| |.....|.....%....}| |.TG.kooT)%@@...................|...|..| |)....-........}}}| |(...CG... |}}}.........).%)....-...|..| |.[.).|......).}--- ------------------------ ---}.........[.......|...|..| |..[..|........}| |}`}}}}}}}}}}}}}}}}}}}}| |}.................|...|..| |..-%----......}-----}%%.[................}-----}..........--|--|--...|..| |..|....|......}}}}}}}%))%.)(.........[...}}}}}}}..........|..........|..| |..|..^.|..........%.[[).%[).)........).)..................|..........|..| -----------..)....%...)[..%......)..)......................------------..| |............[..........%%[....................................| ---------------------------------------------------------------- woodfighter the Magician Experience level: 13 Strength: 18/28 Dexterity: 12 Constitution: 16 Intelligence: 17 Wisdom: 16 Charisma: 10 Health: 0(82) Energy: 55(150) Def: 23 Gold: 0 Moves: 22246 Dungeon seed: UpJu2mXKe4xAyHOF Game ID: woodfighter_1455144707 Your Inventory: Amulets A - an uncursed amulet of ESP (being worn) Weapons a - the blessed rustproof +6 Magicbane (weapon in hand) Armor e - an uncursed +0 cloak of magic resistance (being worn) i - an uncursed +0 elven leather helm (being worn) n - a blessed greased fireproof +5 pair of speed boots r - an uncursed +0 pair of leather gloves (being worn) y - an uncursed +0 pair of leather gloves z - a blessed greased +4 silver dragon scale mail (being worn) N - an uncursed -1 pair of levitation boots (being worn) Comestibles v - 2 uncursed fortune cookies B - an uncursed candy bar M - 2 uncursed tins of gremlin meat P - an uncursed food ration Q - 2 uncursed lizard corpses Rings m - an uncursed ring of teleport control (on left hand) Y - an uncursed ring of regeneration (on right hand) Tools c - a blessed skeleton key f - a blessed magic lamp (lit) l - a +0 pick-axe q - a blessed +0 unicorn horn s - a blessed bag of holding t - an uncursed blindfold O - a blessed oil lamp (0:1401) W - an uncursed magic whistle Gems H - a blessed luckstone Contents of the bag of holding: 9244 gold pieces a blessed amulet of life saving an uncursed +0 mummy wrapping an uncursed +0 pair of kicking boots 40 uncursed C-rations 26 uncursed K-rations an uncursed clove of garlic 2 uncursed cram rations an uncursed cream pie 10 uncursed food rations 2 uncursed lizard corpses an uncursed pizza 3 uncursed sprigs of wolfsbane 6 uncursed tripe rations a blessed scroll of create monster an uncursed scroll of create monster 2 uncursed scrolls of identify a blessed scroll of light an uncursed scroll of teleportation an uncursed potion of acid a blessed potion of fruit juice an uncursed potion of full healing an uncursed potion of gain energy a blessed potion of gain level an uncursed potion of water an uncursed ring of polymorph control a wand of cold (0:5) a wand of digging (0:8) a wand of magic missile (0:4) a wand of magic missile (0:4) a wand of striking (0:8) a wand of striking (0:6) a wand of striking (0:6) a wand of striking (0:4) a wand of teleportation (0:4) an uncursed bugle a +0 unicorn horn Spells and supernatural/magical abilities: Name Level Category Fail Memory a - force bolt 1 attack 0% 95% c - cause fear 3 enchantment 0% 73% d - dig 5 matter 85% 77% e - charm monster 3 enchantment 0% 73% k - knock 1 matter 0% 44% m - magic missile 2 attack 0% 8% n - detect monsters 1 divination 0% 70% w - wizard lock 2 matter 0% 95% z - sleep 1 enchantment 0% 70% B - cure blindness 2 healing 0% 29% G - detect treasure 4 divination 0% 77% M - magic mapping 5 divination 0% 77% U - detect unseen 3 divination 0% 74% V - teleportitis -- ability ? -- W - pray for help -- divine ? -- Your skills at the end: Miscellaneous Skills wands [Basic] Weapon Skills dagger [Basic] quarterstaff [Basic] Spellcasting Skills attack spells [Expert] divination spells [Skilled] enchantment spells [Basic] matter spells [Basic] Final Attributes: You were devoutly aligned. You were fire resistant. You were disintegration-resistant. You were poison resistant. You were magic-protected. You saw invisible. You were telepathic. You were invisible to others. You could teleport. You had teleport control. You were levitating. You regenerated. You were protected. You were fast. You had reflection. You were very lucky. You had extra luck. Good luck did not time out for you. You are dead. Vanquished creatures: 7 red dragons a black dragon a baluchitherium 32 baby red dragons 2 captains 2 liches a clay golem a nurse a lurker above a golden naga 2 vampires 2 ghosts an ettin 3 lieutenants a mind flayer 3 giant mimics 4 fire giants 2 ogre kings a rock troll an umber hulk an Elvenking a doppelganger a large mimic 2 long worms 6 stalkers an earth elemental a giant mummy a xorn a giant zombie 16 sergeants a warg a small mimic a xan 2 ettin mummies 2 ogre lords a quantum mechanic 2 trolls a wood golem 2 electric eels a pyrolisk a freezing sphere a flaming sphere 2 shocking spheres a large cat a tiger 2 gargoyles a dwarf king 2 tengu 2 gelatinous cubes 2 crocodiles a mountain centaur a cobra 2 wraiths 2 leather golems 69 soldiers 2 giant beetles 4 cockatrices a winter wolf cub a lynx 3 gremlins 11 leprechauns a quivering blob a spotted jelly 5 lizards 4 mountain nymphs an orc-captain 7 giant spiders a scorpion 2 black lights 3 vampire bats 2 forest centaurs 6 gnome kings 2 orc mummies 2 dwarf mummies a brown pudding 3 yetis a gold golem a werewolf 3 Green-elves a piranha 8 giant eels 3 chickatrices 3 dingos a housecat a jaguar 2 dwarf lords 2 water nymphs a white unicorn a black unicorn a dust vortex a raven 2 plains centaurs a gnome mummy 4 snakes an ape 2 human zombies a rope golem 6 soldier ants 20 fire ants 9 bugbears 2 imps 2 baby crocodiles 3 wood nymphs 21 Mordor orcs 19 Uruk-hai 14 orc shamans 6 rock moles 6 rock piercers 2 ponies 4 fog clouds 4 yellow lights 5 shriekers 2 violet fungi 17 gnome lords 3 gnomish wizards 3 kobold mummies a red naga hatchling a golden naga hatchling 2 gray oozes a barrow wight 5 elf zombies 2 straw golems 4 paper golems 3 giant ants 2 little dogs 6 floating eyes 2 kittens 18 dwarves 3 homunculi 2 kobold lords 5 kobold shamans 6 iguanas 37 hill orcs 11 rothes a rabid rat 4 centipedes 6 giant bats 2 monkeys 8 orc zombies 7 dwarf zombies a wererat 2 werejackals 9 killer bees 8 coyotes 2 gas spores 6 hobbits 3 acid blobs 7 large kobolds 12 geckos 19 hobgoblins 4 giant rats 3 brown molds a yellow mold a green mold 3 red molds 52 gnomes 5 gnome zombies 27 jackals 5 foxes 7 kobolds 19 newts 14 goblins 8 sewer rats 20 grid bugs 2 bats 11 lichens 9 kobold zombies 855 creatures vanquished. Genocided species: hobbits dwarves bugbears dwarf lords dwarf kings mind flayers master mind flayers 7 species genocided. Voluntary challenges: You used a wielded weapon 476 times, starting on turn 248. You read items or engraved 155 times, starting on turn 334. You genocided 7 types of monsters, starting on turn 17433. You never polymorphed an object. You never changed form. You completed Sokoban on turn 6402, according to the rules. You used 3 wishes, starting on turn 12393. You wished for your your first artifact on turn 17590. You never split a pudding. You never wrote Elbereth's name. You violated your moral code, losing 7 points of alignment, starting on turn 2491. Dungeon overview: The Dungeons of Doom: levels 1 to 24 Level 1 (vault) an altar to Anhur, a fountain a long staircase Level 2 a general store, an altar to Thoth stairs to The Gnomish Mines Level 3 a sink Level 4 (open water) a general store Level 5 (Oracle) many fountains Level 6 a sink stairs to Sokoban Level 7 a general store, some fountains, a sink Level 8 Level 9 (vault) Level 10 a fountain Level 11 (Quest) a throne Level 12 a fountain Level 13 Level 14 (big room) Level 15 (Rogue) Level 16 an altar to Thoth Level 17 portal to Fort Ludios Level 18 some fountains Level 19 a temple to Ptah, some fountains, a sink Level 20 some fountains Level 21 some fountains Level 22 Level 23 (vault) a sink Level 24 The Gnomish Mines: levels 3 to 10 Level 3 stairs to The Dungeons of Doom Level 4 Level 5 Level 6 many shops, a temple to Ptah, a magic chest, some fountains, some trees Level 7 Level 8 Level 9 Level 10 many altars to Moloch, some fountains Sokoban: levels 2 to 5 Level 2 a magic chest Level 3 Level 4 Level 5 (locked box) a magic chest stairs to The Dungeons of Doom Fort Ludios: Level 1 <- You were here a magic chest, a throne portal to The Dungeons of Doom History has recorded: On T:1 you entered the Dungeons of Doom to retrieve the Amulet of Yendor! On T:43 you reached level 2 of The Dungeons of Doom. On T:256 you advanced to experience level 2. On T:498 you reached level 3 of The Dungeons of Doom. On T:499 you advanced to experience level 3. On T:555 you reached level 1 of The Gnomish Mines. On T:1392 you advanced to experience level 4. On T:1421 you reached level 4 of The Dungeons of Doom. On T:1871 you reached level 5 of The Dungeons of Doom. On T:2242 you advanced to experience level 5. On T:2654 you reached level 6 of The Dungeons of Doom. On T:2805 you advanced to experience level 6. On T:3049 you reached level 4 of Sokoban. On T:3400 you opened a magic chest. On T:3401 you opened a magic chest. On T:3759 you opened a magic chest. On T:3767 you reached level 3 of Sokoban. On T:4351 you reached level 2 of Sokoban. On T:5279 you advanced to experience level 7. On T:5292 you reached level 1 of Sokoban. On T:6402 you advanced to experience level 8. On T:6402 you entered the Sokoban zoo. On T:6669 you opened a magic chest. On T:6671 you opened a magic chest. On T:6673 you opened a magic chest. On T:6674 you opened a magic chest. On T:6679 you opened a magic chest. On T:7153 you reached level 2 of The Gnomish Mines. On T:7297 you reached level 3 of The Gnomish Mines. On T:7769 you reached level 4 of The Gnomish Mines. On T:7854 you entered the Minetown temple On T:7870 you opened a magic chest. On T:7873 you opened a magic chest. On T:7881 you opened a magic chest. On T:7917 you opened a magic chest. On T:7924 you opened a magic chest. On T:7942 you opened a magic chest. On T:7943 you opened a magic chest. On T:7954 you opened a magic chest. On T:8095 you opened a magic chest. On T:8097 you opened a magic chest. On T:8324 you reached level 5 of The Gnomish Mines. On T:8515 you opened a magic chest. On T:8855 you advanced to experience level 9. On T:8869 you reached level 6 of The Gnomish Mines. On T:9015 you reached level 7 of The Gnomish Mines. On T:9507 you reached level 8 of The Gnomish Mines. On T:9507 you reached the bottom of the Mines. On T:10900 you opened a magic chest. On T:10902 you opened a magic chest. On T:10907 you opened a magic chest. On T:10908 you opened a magic chest. On T:10909 you opened a magic chest. On T:10912 you opened a magic chest. On T:10957 you opened a magic chest. On T:10957 you opened a magic chest. On T:11291 you opened a magic chest. On T:11293 you opened a magic chest. On T:11293 you opened a magic chest. On T:11564 you opened a magic chest. On T:11720 you received Magicbane from Thoth. On T:11991 you opened a magic chest. On T:12002 you advanced to experience level 10. On T:12175 you received Giantslayer from Thoth. On T:12384 you opened a magic chest. On T:12385 you opened a magic chest. On T:12393 you wished for "+3 blessed greased fixed silver dragon scale mail". On T:12395 you opened a magic chest. On T:12395 you opened a magic chest. On T:12396 you opened a magic chest. On T:12398 you opened a magic chest. On T:12399 you opened a magic chest. On T:12868 you opened a magic chest. On T:12868 you opened a magic chest. On T:12869 you opened a magic chest. On T:12870 you opened a magic chest. On T:12871 you opened a magic chest. On T:12873 you opened a magic chest. On T:12873 you opened a magic chest. On T:12875 you opened a magic chest. On T:12878 you opened a magic chest. On T:12879 you opened a magic chest. On T:12931 you reached level 7 of The Dungeons of Doom. On T:13289 you reached level 8 of The Dungeons of Doom. On T:13509 you reached level 9 of The Dungeons of Doom. On T:14099 you reached level 10 of The Dungeons of Doom. On T:14237 you reached level 11 of The Dungeons of Doom. On T:14374 you reached level 12 of The Dungeons of Doom. On T:15199 you reached level 13 of The Dungeons of Doom. On T:15244 you reached level 14 of The Dungeons of Doom. On T:15822 you reached level 15 of The Dungeons of Doom. On T:16100 you reached level 16 of The Dungeons of Doom. On T:16210 you wished for "+3 greased fixed blessed speed boots". On T:16278 you reached level 17 of The Dungeons of Doom. On T:16609 you reached level 18 of The Dungeons of Doom. On T:16829 you opened a magic chest. On T:16830 you opened a magic chest. On T:16832 you opened a magic chest. On T:16832 you opened a magic chest. On T:16848 you opened a magic chest. On T:16849 you opened a magic chest. On T:16849 you opened a magic chest. On T:16850 you opened a magic chest. On T:16853 you opened a magic chest. On T:16854 you opened a magic chest. On T:17068 you opened a magic chest. On T:17428 you opened a magic chest. On T:17429 you opened a magic chest. On T:17432 you opened a magic chest. On T:17496 you opened a magic chest. On T:17496 you opened a magic chest. On T:17511 you advanced to experience level 11. On T:17562 you opened a magic chest. On T:17562 you opened a magic chest. On T:17586 you opened a magic chest. On T:17587 you opened a magic chest. On T:17590 you wished for "blessed orb of fate". On T:17590 you opened a magic chest. On T:18204 you reached level 19 of The Dungeons of Doom. On T:18293 you reached level 20 of The Dungeons of Doom. On T:18827 you reached level 21 of The Dungeons of Doom. On T:19034 you reached level 22 of The Dungeons of Doom. On T:19270 you reached level 23 of The Dungeons of Doom. On T:19594 you reached level 24 of The Dungeons of Doom. On T:20223 you advanced to experience level 12. On T:21039 you opened a magic chest. On T:21040 you opened a magic chest. On T:21052 you opened a magic chest. On T:21053 you opened a magic chest. On T:21054 you opened a magic chest. On T:21059 you opened a magic chest. On T:21060 you opened a magic chest. On T:21063 you opened a magic chest. On T:21063 you opened a magic chest. On T:21065 you opened a magic chest. On T:21066 you opened a magic chest. On T:21067 you opened a magic chest. On T:21067 you opened a magic chest. On T:21069 you opened a magic chest. On T:21071 you opened a magic chest. On T:21072 you opened a magic chest. On T:21073 you opened a magic chest. On T:21074 you opened a magic chest. On T:21076 you opened a magic chest. On T:21291 you reached Fort Ludios. On T:21693 you advanced to experience level 13. Score breakdown: Gold: 9244 ( 924 points) Experience: 13 levels ( 1200 points) Exploration: 24 levels ( 690 points) Discoveries: 106 items ( 2000 points) Variety of kills: 167 monsters ( 2000 points) Major goal: Sokoban/Mines ( 1500 points) Survival: died (score multiplied by 3) Total score: 24942 Latest messages: You hear a sceptre pounded in judgment. You feel that Thoth is well-pleased. You feel much better. The hill orc picks up 94 gold pieces. The ice troll picks up 3 food rations. The soldier wields a spear! You put a wand of light (0:12) into the magic chest. You put a wand of light (0:14) into the magic chest. You put a wand of create monster (0:14) into the magic chest. You put a wand of create monster (0:12) into the magic chest. You put a cursed wand of cancellation (0:6) into the magic chest. You put a wand of fire (0:7) into the magic chest. You put a wand of digging (0:6) into the magic chest. You put a wand of fire (0:3) into the magic chest. You put a wand of magic missile (0:6) into the magic chest. You put a wand of speed monster (0:7) into the magic chest. You put a wand of light (0:14) into the magic chest. You put a wand of magic missile (0:5) into the magic chest. You put a wand of magic missile (0:4) into the magic chest. The magic missile hits Croesus! You kill the hobgoblin! The magic missile hits the ice troll! Croesus swings his two-handed sword. Croesus hacks you! You die... Final status: Goodbye woodfighter the Wizard, killed by Croesus... You died in Fort Ludios with 24942 points, and 9244 pieces of gold, after 22246 moves. You were level 13 with a maximum of 82 hit points when you died.